[Event "Team 45 45 League T81"]
[Site "Internet Chess Club"]
[Date "2019.06.26"]
[Round "1"]
[White "cool64chess"]
[Black "cysk"]
[Result "1-0"]
[WhiteElo "1902"]
[BlackElo "1783"]
[Opening "Dutch: Staunton gambit, Staunton's line"]
[ECO "A83"]
[Time "22:18:37"]
[TimeControl "2700+45"]

1. d4 f5 2. e4 fxe4 3. Nc3 Nf6 4. Bg5 Nc6 5. d5 Ne5 6. Qe2 d6 7. O-O-O Bg4 8. f3
exf3 9. gxf3 Bh5 10. Qb5+ c6 11. Qxb7 cxd5 12. Nxd5 Nxd5 13. Bb5+ Kf7 14. Qxd5+
e6 15. Qxe5 Qb6 16. Qf4+ Kg8 17. Bc4 Bf7 18. Qe3 h6 19. Bf4 e5 20. Bxf7+ Kxf7
21. Qxb6 axb6 22. Be3 Rxa2 23. Ne2 Ra6 24. c4 Be7 25. Kc2 Rc8 26. Kb3 Ke6 27.
Nc3 {Black resigns} 1-0

[Event "Team 45 45 League T81"]
[Site "Internet Chess Club"]
[Date "2019.06.28"]
[Round "1"]
[White "ChessRooklift"]
[Black "room-matt"]
[Result "1-0"]
[WhiteElo "1719"]
[BlackElo "1781"]
[Opening "Scotch gambit"]
[ECO "C44"]
[Time "14:03:46"]
[TimeControl "2700+45"]

1. e4 e5 2. Nf3 Nc6 3. d4 exd4 4. Bc4 Bc5 5. O-O d6 6. h3 Nf6 7. Re1 O-O 8. a3
a6 9. b4 Bb6 10. Bb2 Re8 11. Nxd4 Nxe4 12. Rxe4 Rxe4 13. Nxc6 bxc6 14. Nd2 Rf4
15. Kh1 Rxf2 16. Qh5 Qe7 17. Nf3 Be6 18. Re1 Rxc2 19. Ng5 h6 20. Rxe6 fxe6 21.
Bxe6+ Qxe6 22. Nxe6 Rxb2 23. Qg6 Bd4 24. Nxd4 Rf8 25. Nf5 Rxf5 26. Qxf5 d5 27.
Qe6+ Kh7 28. Qxc6 Rd2 29. Qxc7 Ra2 30. Qa5 d4 31. Qxa6 Rd2 32. Kh2 d3 33. Qc6 g5
34. b5 Rd1 35. b6 d2 36. Kg3 Rc1 37. Qd7+ Kg6 38. Qxd2 {Black resigns} 1-0

[Event "Team 45 45 League T81"]
[Site "Internet Chess Club"]
[Date "2019.07.01"]
[Round "1"]
[White "MathBandit"]
[Black "Goli"]
[Result "1-0"]
[WhiteElo "1661"]
[BlackElo "1664"]
[Opening "Pirc: classical (two knights) system"]
[ECO "B06"]
[Time "16:00:53"]
[TimeControl "2700+45"]

1. e4 g6 2. d4 Bg7 3. Nf3 d6 4. Nc3 Nf6 5. Bc4 O-O 6. O-O c6 7. Bb3 b5 8. a3 a5
9. Re1 Na6 10. Bg5 h6 11. Bf4 Nh5 12. Be3 Nc7 13. e5 Kh7 14. h3 dxe5 15. dxe5
Qxd1 16. Raxd1 f5 17. Bc5 Be6 18. Bxe6 Nxe6 19. Bxe7 Rf7 20. Bd6 Rd8 21. g3 Rfd7
22. Rd2 g5 23. Red1 g4 24. hxg4 fxg4 25. Nd4 Nxd4 26. Rxd4 Bf8 27. Ne4 Kg6 28.
Nc5 Rf7 29. e6 Rf5 30. e7 Bxe7 31. Bxe7 Rxd4 32. Rxd4 Ng7 33. Rxg4+ Kf7 34. Bd6
Ne8 35. Ne4 Ke6 36. Bc5 Nf6 37. Rg6 {Black resigns} 1-0

[Event "Team 45 45 League T81"]
[Site "Internet Chess Club"]
[Date "2019.06.27"]
[Round "1"]
[White "Egmont"]
[Black "President"]
[Result "0-1"]
[WhiteElo "1597"]
[BlackElo "1760"]
[Opening "Grünfeld: exchange variation"]
[ECO "D85"]
[Time "12:00:21"]
[TimeControl "2700+45"]

1. d4 Nf6 2. c4 g6 3. Nc3 d5 4. cxd5 Nxd5 5. e4 Nxc3 6. bxc3 Bg7 7. Be3 c5 8.
Rc1 Qa5 9. Qd2 O-O 10. Nf3 Rd8 11. d5 Nc6 12. h3 Ne5 13. Nxe5 Bxe5 14. f4 Bg7
15. c4 Qxd2+ 16. Bxd2 Bd4 17. Bc3 Be3 18. Bd2 Bxd2+ 19. Kxd2 e6 20. Ke3 exd5 21.
cxd5 b6 22. Bc4 Bd7 23. Rb1 Re8 24. Bb5 Rad8 25. Bxd7 Rxd7 26. Rhd1 Red8 27. g4
f6 28. Rb2 Kf7 29. Rbd2 Ke7 30. a4 Kd6 31. Kd3 Re8 32. Re2 Rde7 33. Rde1 f5 34.
g5 fxe4+ 35. Rxe4 Rxe4 36. Rxe4 Rxe4 37. Kxe4 a6 38. h4 b5 39. axb5 axb5 40. f5
gxf5+ 41. Kxf5 Kxd5 42. h5 b4 43. h6 b3 44. g6 hxg6+ 45. Kxg6 b2 46. h7 b1=Q+
47. Kg7 Qxh7+ {White resigns} 0-1

[Event "Team 45 45 League T81"]
[Site "Internet Chess Club"]
[Date "2019.06.27"]
[Round "1"]
[White "Otelo"]
[Black "Monterrey"]
[Result "0-1"]
[WhiteElo "1687"]
[BlackElo "1990"]
[Opening "English opening"]
[ECO "A05"]
[Time "20:00:18"]
[TimeControl "2700+45"]

1. Nf3 Nf6 2. c4 g6 3. g3 Bg7 4. Bg2 O-O 5. O-O d6 6. Nc3 a6 7. Rb1 Nc6 8. b4 e5
9. d3 h6 10. Qc2 Be6 11. h3 Qd7 12. Kh2 Ne7 13. a4 Nh5 14. Nd2 c6 15. b5 axb5
16. axb5 Nf5 17. e3 Nhxg3 18. fxg3 Nxe3 19. Qb3 Nxg2 20. Kxg2 Bxh3+ 21. Kh2 Bxf1
22. Nxf1 Qf5 23. Qc2 Qxf1 {White resigns} 0-1

[Event "Team 45 45 League T81"]
[Site "Internet Chess Club"]
[Date "2019.07.04"]
[Round "1"]
[White "cayo89"]
[Black "Beddathanme"]
[Result "1-0"]
[WhiteElo "1656"]
[BlackElo "1757"]
[Opening "Nimzovich-Larsen attack: Indian variation"]
[ECO "A01"]
[Time "20:00:44"]
[TimeControl "2700+45"]

1. b3 Nf6 2. e3 g6 3. Bb2 Bg7 4. Nf3 O-O 5. Be2 d6 6. d4 Nbd7 7. c4 e5 8. Nc3
Re8 9. O-O e4 10. Nd2 Nf8 11. Qc2 Bf5 12. Rfe1 h5 13. b4 Ne6 14. Ncxe4 Nxe4 15.
Nxe4 Ng5 16. f3 Bxe4 17. fxe4 Nxe4 18. Bf3 f5 19. Bxe4 Rxe4 20. Qb3 Qe7 21. c5+
Kh7 22. cxd6 Qxd6 23. Rac1 Rae8 24. Qc3 c6 25. Rcd1 Qd5 26. a4 h4 27. h3 Qd6 28.
Bc1 Qg3 29. Rf1 Bh6 30. Rf3 Qd6 31. Rdf1 b6 32. Qc4 Bxe3+ 33. Bxe3 Rxe3 34. Rxe3
Rxe3 35. Qf7+ Kh6 36. Qc4 Re4 37. Rd1 c5 38. bxc5 bxc5 39. Qc1+ g5 40. dxc5 Qc6
41. Rd6+ {Black resigns} 1-0

[Event "Team 45 45 League T81"]
[Site "Internet Chess Club"]
[Date "2019.07.01"]
[Round "1"]
[White "sergerich191"]
[Black "cpic2363"]
[Result "1-0"]
[WhiteElo "1744"]
[BlackElo "1474"]
[Opening "Scandinavian (center counter) defense"]
[ECO "B01"]
[Time "17:31:40"]
[TimeControl "2700+45"]

1. e4 d5 2. exd5 Qxd5 3. Nc3 Qa5 4. d4 c6 5. Bc4 Nf6 6. Bd2 Qc7 7. Nf3 Bg4 8.
Qe2 Nbd7 9. h3 Bh5 10. g4 Bg6 11. Bb3 e6 12. O-O-O O-O-O 13. Kb1 Bd6 14. Bg5 h6
15. Bh4 Nb6 16. Rhe1 Rhe8 17. Ne5 Bxe5 18. dxe5 Rxd1+ 19. Rxd1 Nfd5 20. Nxd5
exd5 21. f4 f5 22. g5 h5 23. Bf2 Qe7 24. h4 Qb4 25. Rd4 Qe7 26. c3 Bf7 27. Bc2
g6 28. Rd1 Kb8 29. Bd4 Nc4 30. Qf2 b6 31. Be3 Nxe3 32. Qxe3 Qc5 33. Qe2 Qa5 34.
Bb3 Be6 35. c4 Qa6 36. Rc1 Rd8 37. Qf3 Qa5 38. cxd5 Bxd5 39. Bxd5 Rxd5 40. Rxc6
Rc5 41. Rxc5 Qxc5 42. a3 Qg1+ 43. Ka2 Qc1 44. e6 Qc4+ 45. Qb3 Qxb3+ 46. Kxb3 Kc7
47. Kc4 Kd6 48. e7 Kxe7 49. Kd5 Kd7 50. a4 a6 51. b4 Kc7 52. Ke6 Kc6 53. Kf6 a5
54. bxa5 bxa5 55. Kxg6 Kc5 {Black resigns} 1-0

[Event "Team 45 45 League T81"]
[Site "Internet Chess Club"]
[Date "2019.06.30"]
[Round "1"]
[White "g8wrb"]
[Black "mongmong"]
[Result "1-0"]
[WhiteElo "1358"]
[BlackElo "1547"]
[Opening "French: Tarrasch"]
[ECO "C03"]
[Time "16:06:56"]
[TimeControl "2700+45"]

1. e4 e6 2. d4 d5 3. Nd2 h6 4. c3 Nf6 5. e5 Nfd7 6. f4 c5 7. Bd3 Nc6 8. Ndf3 Qb6
9. Ne2 f6 10. Bg6+ Ke7 11. Qb3 Qxb3 12. axb3 cxd4 13. Nfxd4 fxe5 14. Nxc6+ bxc6
15. O-O exf4 16. Bxf4 Nf6 17. Nd4 Bd7 18. Rae1 c5 19. Nf5+ Kd8 20. Nd6 Bxd6 21.
Bxd6 Ne4 22. Bxe4 dxe4 23. Rxe4 Bc6 24. Rxe6 Kd7 25. Rg6 Rhg8 26. Rf7+ Ke8 27.
Re7+ Kd8 28. Bxc5 Be8 29. Rgxg7 Rxg7 30. Rxg7 a6 31. Rh7 h5 32. Kf2 Rc8 33. Bb6+
{Black resigns} 1-0

[Event "Team 45 45 League T81"]
[Site "Internet Chess Club"]
[Date "2019.06.30"]
[Round "1"]
[White "Monterrey"]
[Black "fledermaus"]
[Result "1-0"]
[WhiteElo "2001"]
[BlackElo "1870"]
[Opening "QGD: exchange, positional line, 5...c6"]
[ECO "D35"]
[Time "14:08:01"]
[TimeControl "2700+45"]

1. d4 d5 2. c4 e6 3. Nc3 Nf6 4. cxd5 exd5 5. Bg5 c6 6. e3 Bf5 7. Qf3 Bg6 8. Bxf6
Qxf6 9. Qxf6 gxf6 10. Nf3 Nd7 11. Nh4 Be7 12. f4 f5 13. Nf3 Nf6 14. Bd3 Ne4 15.
O-O Nd6 16. Nd2 O-O 17. Rac1 Rac8 18. a3 Rfe8 19. b4 Bf8 20. Kf2 b5 21. Nb3 Nc4
22. Bxc4 bxc4 23. Nc5 Rc7 24. Rb1 Bxc5 25. bxc5 Rce7 26. Rfe1 Bh5 27. h3 f6 28.
a4 Kf7 29. a5 Ke6 30. a6 Rc7 31. Rb4 Kd7 32. Reb1 Rec8 33. Kg3 Re8 34. Kf2 Rec8
35. Rh1 Ke6 36. g4 fxg4 37. hxg4 Bxg4 38. e4 h5 39. exd5+ cxd5 40. Re1+ Kf7 41.
Nxd5 Rd7 42. Rb7 Rd8 43. c6 Be6 44. Nc3 Re7 45. d5 {Black resigns} 1-0

[Event "Team 45 45 League T81"]
[Site "Internet Chess Club"]
[Date "2019.06.30"]
[Round "1"]
[White "jonesey"]
[Black "laurenpar"]
[Result "0-1"]
[WhiteElo "1813"]
[BlackElo "1895"]
[Opening "French: Winawer, advance variation"]
[ECO "C16"]
[Time "21:01:09"]
[TimeControl "2700+45"]

1. e4 e6 2. d4 d5 3. Nc3 Bb4 4. e5 Ne7 5. Bd3 c5 6. a3 Bxc3+ 7. bxc3 c4 8. Be2
Bd7 9. Nf3 Qa5 10. Bd2 Nbc6 11. O-O O-O-O 12. Ng5 Rdf8 13. f4 f6 14. exf6 gxf6
15. Nf3 Nf5 16. g4 Rfg8 17. h3 Ng3 18. Re1 h6 19. Kf2 Ne4+ 20. Ke3 h5 21. Rg1
Ne7 22. Bxc4 Nxd2 23. Nxd2 dxc4 24. Nxc4 Qxc3+ 25. Qd3 Nd5+ 26. Ke4 Qxd3+ 27.
cxd3 hxg4 28. hxg4 Rh3 29. f5 Nc3+ {White resigns} 0-1

[Event "Team 45 45 League T81"]
[Site "Internet Chess Club"]
[Date "2019.06.29"]
[Round "1"]
[White "Otelo"]
[Black "Invicta-Knight"]
[Result "0-1"]
[WhiteElo "1662"]
[BlackElo "1481"]
[Opening "English: symmetrical, Benoni formation"]
[ECO "A31"]
[Time "11:05:15"]
[TimeControl "2700+45"]

1. Nf3 Nf6 2. c4 c5 3. d4 cxd4 4. Nxd4 Nc6 5. Nc3 g6 6. e4 Bg7 7. Be2 O-O 8. Nc2
b6 9. Bd2 Bb7 10. O-O Ne5 11. f3 Rc8 12. Ne3 d6 13. Rc1 Nc6 14. Be1 Nd7 15. b3
Nd4 16. Bh4 Re8 17. Ned5 Ne5 18. Kh1 Nd7 19. Qd2 Nc5 20. f4 Qd7 21. f5 gxf5 22.
exf5 Nxf5 23. Rxf5 Qxf5 24. Nxe7+ Rxe7 25. Bxe7 Ne4 26. Nxe4 Qxe4 27. Qg5 Qxe2
28. Bf6 Qxg2+ 29. Qxg2 Bxg2+ 30. Kxg2 Bxf6 {White resigns} 0-1

[Event "Team 45 45 League T81"]
[Site "Internet Chess Club"]
[Date "2019.07.01"]
[Round "1"]
[White "nathanpillay"]
[Black "Beddathanme"]
[Result "0-1"]
[WhiteElo "1747"]
[BlackElo "1779"]
[Opening "Dutch: classical variation"]
[ECO "A96"]
[Time "14:00:31"]
[TimeControl "2700+45"]

1. d4 e6 2. c4 f5 3. Nf3 Nf6 4. g3 Be7 5. Bg2 O-O 6. O-O d6 7. b3 Ne4 8. Bb2 Bf6
9. Qc2 Nc6 10. a3 e5 11. d5 Ne7 12. Ne1 Qe8 13. Nd3 g5 14. e3 Ng6 15. f4 Nc5 16.
Nxc5 dxc5 17. Qf2 gxf4 18. exf4 e4 19. Bxf6 Rxf6 20. Qxc5 Qf7 21. Qe3 Ne7 22.
Rd1 Qh5 23. Nc3 Rh6 24. Kf2 Bd7 25. Rh1 Kf7 26. Rad1 Ng8 27. h3 Nf6 28. c5 a5
29. b4 axb4 30. axb4 Ra3 31. Qc1 Rb3 32. Rd4 Rg6 33. Qe3 Rb2+ 34. Kg1 Rg8 35.
Qc1 Rxg2+ 36. Kxg2 Qf3+ {White resigns} 0-1

[Event "Team 45 45 League T81"]
[Site "Internet Chess Club"]
[Date "2019.06.30"]
[Round "1"]
[White "santiagoelawad"]
[Black "gnat"]
[Result "0-1"]
[WhiteElo "1914"]
[BlackElo "1976"]
[Opening "English, Kramnik-Shirov counterattack"]
[ECO "A21"]
[Time "09:01:38"]
[TimeControl "2700+45"]

1. c4 e5 2. Nc3 Bb4 3. g3 Bxc3 4. dxc3 d6 5. Bg2 Ne7 6. e4 Be6 7. b3 Nbc6 8. Nf3
h6 9. Nd2 Qd7 10. h3 O-O 11. Nf1 f5 12. exf5 Nxf5 13. Ne3 Rae8 14. Nxf5 Bxf5 15.
Be3 Rd8 16. Qd2 Kh8 17. g4 Be6 18. O-O-O Bg8 19. Be4 Bh7 20. Qd3 Bxe4 21. Qxe4
Qf7 22. h4 Qf3 23. Qxf3 Rxf3 24. h5 Ne7 25. Rhg1 b6 26. Kd2 Kh7 27. Ke2 Rh3 28.
Rh1 Rxh1 29. Rxh1 Rg8 30. f3 g5 31. hxg6+ Rxg6 32. Rh5 Kg7 33. Kd3 Ng8 34. a4
e4+ 35. Ke2 exf3+ 36. Kxf3 c5 37. g5 hxg5 38. Rxg5 Ne7 39. Rxg6+ Kxg6 40. Bf4 d5
41. Bb8 dxc4 42. bxc4 Nc6 43. Bd6 Kf5 44. Ke3 Ne5 45. Bxe5 Kxe5 46. Kf3 Kf5 47.
Ke3 Ke5 48. Kf3 Kd6 49. Kf4 Kc7 50. Ke5 Kb7 51. Kd6 Ka6 52. Kc6 Ka5 53. Kb7 Kxa4
54. Kxa7 b5 55. cxb5 Kxb5 56. Kb7 c4 57. Kc7 Ka4 58. Kd6 Kb3 59. Kc5 Kxc3 {White
resigns} 0-1

[Event "Team 45 45 League T81"]
[Site "Internet Chess Club"]
[Date "2019.07.02"]
[Round "1"]
[White "Nezmetdinov"]
[Black "jjmolina"]
[Result "1/2-1/2"]
[WhiteElo "1891"]
[BlackElo "1670"]
[Opening "Queen's pawn"]
[ECO "A40"]
[Time "09:32:40"]
[TimeControl "2700+45"]

1. d4 e6 2. Nf3 Nf6 3. Bf4 d5 4. e3 a6 5. Bd3 c5 6. O-O Nc6 7. c3 b6 8. Nbd2 Bb7
9. Ne5 Nd7 10. Nxc6 Bxc6 11. e4 Be7 12. exd5 Bxd5 13. Qe2 O-O 14. Bxa6 cxd4 15.
cxd4 Bf6 16. Nb3 Bg5 17. Be3 Bxe3 18. fxe3 Qg5 19. Rf2 Nb8 20. Bc4 Bxc4 21. Qxc4
Qxe3 22. Qc7 Na6 23. Qxb6 Rfb8 24. Qc6 Nb4 25. Qc3 Nd3 26. Rf1 e5 27. Nc5 e4 28.
Nxd3 Qxd3 29. Rxf7 Qxc3 30. bxc3 Rxa2 31. R7f2 Ra3 32. Rc2 Rc8 33. Rfc1 Kf7 34.
Kf2 Ke6 35. Ke3 Kd5 36. Kd2 Rf8 37. Re1 h6 38. Re2 Rc8 39. Re3 Rca8 40. Re2 Rc8
41. h4 Rc4 42. Re3 Rca4 43. Re2 Rc4 44. g4 Rc8 45. Re3 Rca8 46. Ke2 Ra2 47. Rxa2
Rxa2+ 48. Kf1 Rh2 49. h5 Rc2 50. Kg1 Rd2 51. Kf1 {Game drawn by mutual
agreement} 1/2-1/2

[Event "Team 45 45 League T81"]
[Site "Internet Chess Club"]
[Date "2019.06.27"]
[Round "1"]
[White "primerpaso"]
[Black "cool64chess"]
[Result "0-1"]
[WhiteElo "1743"]
[BlackElo "1911"]
[Opening "English opening"]
[ECO "D35"]
[Time "06:06:12"]
[TimeControl "2700+45"]

1. c4 e6 2. Nc3 d5 3. cxd5 exd5 4. d4 Nf6 5. g3 Be7 6. Bg2 O-O 7. Nf3 c6 8. O-O
Bf5 9. Nh4 Be6 10. Qd3 Re8 11. a3 a5 12. Nf5 Bf8 13. Rd1 Nbd7 14. Rb1 b5 15. Nh4
Nb6 16. e4 b4 17. exd5 cxd5 18. Ne2 Qc7 19. Bf4 Qc4 20. Nc1 Rac8 21. axb4 axb4
22. b3 Qc2 23. Rd2 Qc6 24. Ne2 Ne4 25. Rc1 Qd7 26. Rdc2 Rxc2 27. Rxc2 Rc8 28.
Bf1 g5 29. f3 f5 30. fxe4 dxe4 31. Qd2 Rxc2 32. Qxc2 gxf4 33. gxf4 Qf7 34. Nc1
Qf6 35. Qf2 Bg7 36. Bh3 Nd5 37. Ne2 Nc3 38. Nxc3 bxc3 39. d5 Qd4 40. Bxf5 Bxf5
41. Nxf5 Qxf2+ 42. Kxf2 c2 {White resigns} 0-1

[Event "Team 45 45 League T81"]
[Site "Internet Chess Club"]
[Date "2019.06.27"]
[Round "1"]
[White "wildkingdumb6"]
[Black "Portola"]
[Result "1/2-1/2"]
[WhiteElo "1569"]
[BlackElo "1817"]
[Opening "French: Rubinstein variation"]
[ECO "C10"]
[Time "19:01:45"]
[TimeControl "2700+45"]

1. e4 e6 2. d4 d5 3. Nc3 dxe4 4. Nxe4 Be7 5. Nf3 Nd7 6. Bd3 Ngf6 7. Qe2 Nxe4 8.
Bxe4 O-O 9. O-O c5 10. c3 Nf6 11. Bd3 Qc7 12. Bg5 cxd4 13. Bxf6 Bxf6 14. Qe4 g6
15. cxd4 Qb6 16. Rab1 Bd7 17. Ne5 Bxe5 18. Qxe5 Bc6 19. Be4 Bxe4 20. Qxe4 Rfd8
21. Rfd1 Rd5 22. Rd2 Rad8 23. Rbd1 e5 24. Qe3 Rxd4 25. Rxd4 Rxd4 26. Rc1 Qd8 27.
g3 Rd1+ 28. Rxd1 Qxd1+ 29. Kg2 Qd5+ 30. Kg1 b6 31. Qa3 a5 32. b4 axb4 33. Qxb4
b5 34. Qe7 Qd4 35. Qe8+ Kg7 36. Qxb5 Qa1+ 37. Kg2 Qxa2 38. Qxe5+ {Game drawn by
mutual agreement} 1/2-1/2

[Event "Team 45 45 League T81"]
[Site "Internet Chess Club"]
[Date "2019.06.26"]
[Round "1"]
[White "ArturitoGalacti"]
[Black "Zebbile"]
[Result "1-0"]
[WhiteElo "1930"]
[BlackElo "1812"]
[Opening "English, 1...Nf6 (Anglo-Indian defense)"]
[ECO "A15"]
[Time "19:09:52"]
[TimeControl "2700+45"]

1. c4 Nf6 2. g3 g6 3. Bg2 d5 4. Nf3 Bg7 5. Qa4+ c6 6. cxd5 Nxd5 7. Nc3 O-O 8.
O-O e5 9. d3 b6 10. Bd2 Bb7 11. Rfd1 Nd7 12. a3 Nc5 13. Qc2 Re8 14. b4 Ne6 15.
Qb3 Ndc7 16. Rac1 Nd4 17. Qa2 Ncb5 18. Kf1 Rb8 19. a4 Nxf3 20. Bxf3 Nd4 21. Bg2
Bc8 22. e3 Be6 23. Qb1 Nb3 24. Bxc6 Nxc1 25. Bxc1 Re7 26. b5 Rc7 27. Ba3 Bh3+
28. Kg1 a6 29. Nd5 Rxc6 30. Ne7+ Kh8 31. Nxc6 Qf6 32. f4 exf4 33. Bb2 Qe6 34.
Bxg7+ Kxg7 35. Qb2+ f6 36. Nxb8 fxg3 37. hxg3 Qd6 38. Kh2 Bg4 39. Qd4 Qe6 40.
Rf1 axb5 41. axb5 h5 42. Rf2 g5 43. Rc2 h4 44. Rc7+ Kh6 45. Qe4 Qa2+ 46. Qg2
hxg3+ 47. Kxg3 Qe6 48. Qh2+ Bh5 49. Rh7+ Kxh7 50. Qxh5+ Kg7 51. Kf2 Qf5+ 52. Qf3
Qxb5 53. Qe4 Qa5 54. Nc6 Qd2+ 55. Kg3 Qd1 56. Qe7+ Kg6 57. Qe4+ Kg7 58. Nd4 Qg1+
59. Kf3 Qd1+ 60. Kf2 Qh5 61. Nf5+ Kf7 62. Qe7+ Kg6 63. Qe8+ {Black resigns} 1-0

[Event "Team 45 45 League T81"]
[Site "Internet Chess Club"]
[Date "2019.06.26"]
[Round "1"]
[White "achessman"]
[Black "Ajolote"]
[Result "1-0"]
[WhiteElo "1891"]
[BlackElo "1891"]
[Opening "Sicilian: Alapin's variation (2.c3)"]
[ECO "B22"]
[Time "21:34:54"]
[TimeControl "2700+45"]

1. e4 c5 2. c3 Nf6 3. e5 Nd5 4. d4 cxd4 5. Nf3 Nc6 6. cxd4 g6 7. Bc4 Nb6 8. Bb3
Bg7 9. Bf4 O-O 10. d5 Na5 11. Nc3 d6 12. exd6 Nac4 13. Qe2 Nxd6 14. O-O Bf5 15.
Rad1 Rc8 16. Nd4 a6 17. Rfe1 Re8 18. Qf3 Nbc4 19. Bc1 Qd7 20. h3 h5 21. Re2 Ne5
22. Qg3 Ndc4 23. Bf4 h4 24. Qxh4 Nxb2 25. Bxe5 Bxe5 26. Rxe5 Rxc3 27. Nxf5 Nxd1
28. Bxd1 e6 29. Nh6+ Kg7 30. Ng4 Qd8 31. Qh6+ Kg8 32. Bb3 Rxb3 33. axb3 b5 34.
dxe6 Rxe6 35. Rxe6 {Black resigns} 1-0

[Event "Team 45 45 League T81"]
[Site "Internet Chess Club"]
[Date "2019.06.30"]
[Round "1"]
[White "nealbruce"]
[Black "cadmiumorange"]
[Result "0-1"]
[WhiteElo "1699"]
[BlackElo "1825"]
[Opening "Scandinavian defense"]
[ECO "B01"]
[Time "14:00:42"]
[TimeControl "2700+45"]

1. e4 d5 2. exd5 Nf6 3. d4 Bg4 4. f3 Bf5 5. Bb5+ Nbd7 6. c4 e6 7. dxe6 Bxe6 8.
d5 Bf5 9. Nc3 a6 10. Ba4 Bd6 11. Nge2 O-O 12. O-O Ne5 13. b3 Nd3 14. Ng3 Bc5+
15. Kh1 Bg6 16. Qe2 Bd4 17. Bd2 b5 18. cxb5 Re8 19. Nge4 Nxe4 20. fxe4 Bxc3 21.
Bxc3 Rxe4 22. Qxd3 Rxa4 23. Qd2 Re4 24. bxa6 Rxa6 25. Rae1 Rxe1 26. Rxe1 Rd6 27.
Bb4 Rd7 28. Qe3 f6 29. d6 cxd6 30. Qd4 d5 31. Bc5 Qa5 32. Ra1 Qb5 33. b4 Be4 34.
a4 Qe2 35. Rg1 f5 36. a5 f4 37. Qf2 Qxf2 38. Bxf2 f3 39. g3 d4 40. Re1 d3 41.
Rd1 d2 42. Kg1 Bc2 43. Rxd2 Rxd2 44. Bc5 Bd3 45. h4 Kf7 {White resigns} 0-1

[Event "Team 45 45 League T81"]
[Site "Internet Chess Club"]
[Date "2019.07.01"]
[Round "1"]
[White "elmaestro"]
[Black "fireball"]
[Result "1-0"]
[WhiteElo "1674"]
[BlackElo "1572"]
[Opening "Queen's pawn: stonewall attack"]
[ECO "A45"]
[Time "19:13:36"]
[TimeControl "2700+45"]

1. d4 Nf6 2. e3 d5 3. Bd3 Nc6 4. c3 e5 5. dxe5 Nxe5 6. Be2 Bd6 7. Nf3 O-O 8. O-O
Nxf3+ 9. Bxf3 c6 10. h3 Ne4 11. c4 Be6 12. cxd5 Bxd5 13. Bxe4 Bxe4 14. Nc3 Bf5
15. e4 Be6 16. b3 Qe7 17. Be3 Rfd8 18. Qe2 Qh4 19. f4 Bc7 20. Rf3 Ba5 21. Rc1
Bb6 22. f5 Bc8 23. Bxb6 axb6 24. Qe3 b5 25. Rf4 Qh6 26. Rcf1 Qd6 27. f6 g6 28.
e5 Qd3 29. Qc1 Be6 30. R4f2 Qd4 31. Qh6 {Black resigns} 1-0

[Event "Team 45 45 League T81"]
[Site "Internet Chess Club"]
[Date "2019.06.29"]
[Round "1"]
[White "justice02"]
[Black "VictorRed"]
[Result "1-0"]
[WhiteElo "1651"]
[BlackElo "1696"]
[Opening "French: advance, Paulsen attack"]
[ECO "B40"]
[Time "22:23:20"]
[TimeControl "2700+45"]

1. e4 c5 2. Nf3 e6 3. c3 d5 4. e5 Nc6 5. d4 Nge7 6. Bd3 cxd4 7. cxd4 h6 8. O-O
Qb6 9. Nc3 a6 10. a3 Bd7 11. Na4 Qc7 12. Nc5 Nxd4 13. Nxd7 Nxf3+ 14. Qxf3 Qxd7
15. b4 g6 16. Qf6 Rg8 17. Qf4 Bg7 18. Bb2 Rc8 19. a4 Qd8 20. Rac1 Rh8 21. b5 a5
22. Bc3 b6 23. Bd4 Kf8 24. g4 Kg8 25. Qe3 Rb8 26. Rc2 Kh7 27. Rfc1 Nc8 28. Rc7
Rf8 29. R1c6 Qg5 30. Qf3 Kg8 31. Qg3 h5 32. gxh5 Qxg3+ 33. hxg3 gxh5 34. Be2 Re8
35. Bxh5 Ne7 36. Rxb6 Rxb6 37. Bxb6 Bxe5 38. Ra7 d4 39. Bxa5 d3 40. Bd2 Bd4 41.
Rd7 e5 42. a5 Ng6 43. b6 Rb8 44. b7 Kg7 45. a6 Kf6 46. Bxg6 fxg6 47. Rxd4 {Black
resigns} 1-0

[Event "Team 45 45 League T81"]
[Site "Internet Chess Club"]
[Date "2019.06.29"]
[Round "1"]
[White "julesraider"]
[Black "MathBandit"]
[Result "0-1"]
[WhiteElo "1590"]
[BlackElo "1643"]
[Opening "French defense"]
[ECO "C11"]
[Time "20:00:43"]
[TimeControl "2700+45"]

1. e4 e6 2. d4 d5 3. Nc3 Nf6 4. Bg5 h6 5. Bh4 g5 6. Bg3 Nxe4 7. Nxe4 dxe4 8. Be5
f6 9. Qh5+ Ke7 10. Qg6 fxe5 11. dxe5 Nd7 12. O-O-O Qe8 13. Qxe4 Bg7 14. f4 Qf7
15. g3 gxf4 16. gxf4 Rf8 17. Ne2 Rb8 18. Qc4 b6 19. Qxc7 Rd8 20. Bh3 Ba6 21. Rd6
Rbc8 22. Qxa7 Bxe2 23. Rxe6+ Kf8 24. Qa3+ Kg8 25. f5 Nxe5 26. Rg1 Qc7 27. c3 Qd7
28. f6 Qd2+ 29. Kb1 Qd3+ 30. Kc1 Qe3+ 31. Kc2 Bd3+ 32. Kb3 Bc4+ 33. Kc2 Rd2+ 34.
Kc1 Rg2+ {White resigns} 0-1

[Event "Team 45 45 League T81"]
[Site "Internet Chess Club"]
[Date "2019.06.27"]
[Round "1"]
[White "Chess4Him"]
[Black "ARMAND02019"]
[Result "1/2-1/2"]
[WhiteElo "1533"]
[BlackElo "1629"]
[Opening "Queen's pawn, Mason variation"]
[ECO "D00"]
[Time "20:38:08"]
[TimeControl "2700+45"]

1. d4 d5 2. Bf4 e6 3. e3 c5 4. Nf3 Nc6 5. c3 a6 6. Bd3 Nf6 7. Nbd2 Be7 8. h3 Nh5
9. Bh2 f5 10. Ne5 Nf6 11. g4 O-O 12. g5 Ne4 13. h4 cxd4 14. Nxc6 bxc6 15. exd4
c5 16. Nf3 cxd4 17. Nxd4 Qb6 18. Qe2 Bd6 19. Bxd6 Qxd6 20. Qf3 Nc5 21. Bc2 e5
22. Nxf5 Bxf5 23. Bxf5 g6 24. O-O-O Rxf5 25. Qxd5+ Qxd5 26. Rxd5 Ne6 27. Re1 Nf4
28. Rd6 a5 29. Re4 a4 30. Kc2 Ng2 31. Rd2 a3 32. b3 Nf4 33. b4 Rc8 34. Kb3 Ra8
35. c4 Ne6 36. Kc3 Nd4 37. f4 Nf3 38. Rde2 exf4 39. Rf2 Ng1 40. Rf1 Nh3 41. Rf3
Ng1 42. Rf1 f3 43. Rxg1 f2 44. Rf1 Rf3+ 45. Kc2 Rd8 46. Re2 Rdd3 47. Rexf2 Rc3+
48. Kd2 Rfd3+ 49. Ke2 Re3+ 50. Kd2 Red3+ {Game drawn by mutual agreement}
1/2-1/2

[Event "Team 45 45 League T81"]
[Site "Internet Chess Club"]
[Date "2019.06.30"]
[Round "1"]
[White "Toalla"]
[Black "BrerRabbit"]
[Result "0-1"]
[WhiteElo "1298"]
[BlackElo "1363"]
[Opening "Caro-Kann: two knights, 3...Bg4"]
[ECO "B10"]
[Time "15:30:48"]
[TimeControl "2700+45"]

1. e4 c6 2. Nf3 d5 3. Nc3 Bg4 4. h3 Bh5 5. exd5 cxd5 6. Bb5+ Nc6 7. g4 Bg6 8.
Ne5 Qd6 9. d4 e6 10. h4 f6 11. Nxg6 hxg6 12. Qd3 Kf7 13. Bxc6 Qxc6 14. h5 g5 15.
Qg6+ Ke7 16. f4 gxf4 17. Bd2 Qe8 18. Qxe8+ Kxe8 19. Bxf4 g5 20. Bg3 Nh6 21. Nb5
Kd7 22. Kd2 a6 23. Nc3 Nxg4 24. Rae1 Bd6 25. Bxd6 Kxd6 26. Ref1 f5 27. Nd1 Rh6
28. Nf2 Nxf2 29. Rxf2 Rah8 30. Rfh2 b5 31. b4 Ke7 32. Ke3 Rc8 33. Kd3 Rch8 34.
Ke3 Rc8 35. Kd3 Kf6 36. Rf1 Rch8 37. Rfh1 g4 38. Ke3 Kg5 39. c3 Rxh5 40. Rxh5+
Rxh5 41. Rxh5+ Kxh5 42. Kf4 Kh4 43. Ke5 g3 44. Kxe6 g2 45. Kxd5 g1=Q 46. Ke5 Qg5
47. d5 f4+ 48. Ke6 Qd8 49. d6 f3 {White resigns} 0-1

[Event "Team 45 45 League T81"]
[Site "Internet Chess Club"]
[Date "2019.06.29"]
[Round "1"]
[White "Egmont"]
[Black "RD1974"]
[Result "1-0"]
[WhiteElo "1612"]
[BlackElo "1565"]
[Opening "Queen's pawn"]
[ECO "A40"]
[Time "10:00:42"]
[TimeControl "2700+45"]

1. d4 e6 2. Bf4 c5 3. e3 Nf6 4. c3 d5 5. Nd2 a6 6. Ngf3 Nc6 7. Bd3 c4 8. Bc2 Bd6
9. Bxd6 Qxd6 10. O-O b5 11. e4 e5 12. exd5 Qxd5 13. dxe5 Ng4 14. Be4 Qc5 15. Nd4
Qxe5 16. Bxc6+ Kf8 17. N2f3 Qb8 18. Bxa8 Qxa8 19. h3 Nf6 20. Qd2 h6 21. Qf4 Kg8
22. Rfe1 Qb7 23. Re2 Kh7 24. Rae1 Rd8 25. Re7 Rd7 26. Qf5+ Kh8 27. Re8+ Ng8 28.
Rxg8+ Kxg8 29. Re8# {Black checkmated} 1-0